 Dungeon Crawl Stone Soup version 0.31-a0-219-g8d62b2e7bb (webtiles) character file.

Game seed: 18445279908149667608

98 vineage the Trooper (level 4, -1/30 HPs)
             Began as a Gargoyle Fighter on July 3, 2023.
             Slain by an orc
             ... wielding a +2 heavy flail
              (5 damage)
             ... on level 3 of the Dungeon.
             The game lasted 00:01:42 (2007 turns).

vineage the Trooper (Gargoyle Fighter)              Turns: 2007, Time: 00:01:43

Health: -1/30      AC: 13    Str: 20    XL:     4   Next: 69%
Magic:  4/4        EV:  7    Int:  8    God:
Gold:   61         SH:  4    Dex: 11    Spells: 3/3 levels left

rFire   . . .        a - +0 flail
rCold   . . .        c - +0 buckler
rNeg    + . .        k - +0 chain mail
rPois   ∞            (no helmet)
rElec   +            (no cloak)
rCorr   .            (no gloves)
SInv    .            (no boots)
Will    .....        (no amulet) Stlth
                     (no ring)
HPRegen 0.25/turn    (no ring)
MPRegen 0.09/turn

%: no passive effects
@: mighty, weak-willed
A: sickness immunity, AC +3, negative energy resistance 1, electricity
resistance, torment resistance 1, petrification resistance
a: no special abilities


You were on level 3 of the Dungeon.
You visited 1 branch of the dungeon, and saw 3 of its levels.

You collected 61 gold pieces.

Inventory:

Hand Weapons
 a - a +0 flail (weapon)
Armour
 c - a +0 buckler (worn)
 k - a +0 chain mail (worn)
Scrolls
 b - 2 scrolls of brand weapon
 e - a scroll of vulnerability
 g - a scroll of teleportation
 i - a scroll of fear {unknown}
 l - a scroll of blinking {unknown}
 m - a scroll of acquirement {unknown}
 n - a scroll of fog {unknown}
Potions
 f - 2 potions of enlightenment
 j - a potion of brilliance {unknown}
 o - a potion of lignification {unknown}
 p - a potion of curing {unknown}
 q - a potion of degeneration {unknown}


   Skills:
 * Level 4.4 Fighting
 + Level 2.7 Maces & Flails
 + Level 3.8 Armour
 + Level 3.9 Shields


You had 3 spell levels left.
You didn't know any spells.
Your spell library was empty.

Dungeon Overview and Level Annotations

Branches:
Dungeon (3/15)

Altars:

Shops:
D:2 (

Annotations:
D:3 1 runed translucent door


Innate Abilities, Weirdness & Mutations

You are immune to sickness and miasma.
Your stone body is resilient. (AC +3)
You are immune to poison.
You resist negative energy. (rN+)
You are resistant to electric shocks. (rElec)
You are resistant to unholy torment.
You are immune to petrification.


Message History

Your surroundings suddenly seem different.
Found a scroll of brand weapon.
b - 2 scrolls of brand weapon (gained 1)
An orc comes into view. It is wielding a +0 club.
The orc shouts!
You hear a shout! x2
An orc comes into view. It is wielding a +0 trident.
You hear a shout!
There are monsters nearby!
You hear a shout! x2
You hit the orc but do no damage.
You hear a shout!
The orc barely misses you.
An orc comes into view. It is wielding a +0 club.
The orc shouts!
You sock the orc!
You kill the orc!
An orc comes into view. It is wielding a +2 heavy flail.
The orc hits you from afar with a +0 trident!
You block the orc's attack.
You sock the orc!
You kill the orc!
An orc comes into view. It is wielding a +0 trident.
The orc hits you but does no damage.
The orc hits you from afar with a +0 trident.
The orc hits you but does no damage. The orc hits you with a +2 heavy flail!
* * * LOW HITPOINT WARNING * * *
The orc barely misses you.
The orc hits you from afar with a +0 trident!
* * * LOW HITPOINT WARNING * * *
An orc comes into view. It is wielding a +0 club.
An orc comes into view.
It is wielding a +0 club and quivering boomerangs of dispersal.
You feel very mighty all of a sudden. The orc hits you but does no damage.
The orc throws a boomerang of dispersal.
You block the boomerang of dispersal.
You closely miss the orc.
The orc throws a boomerang of dispersal.
The boomerang of dispersal hits you but does no damage.
The orc hits you with a +2 heavy flail.
You die...

## # #. . o
#. .## #.#.
..# #.#)##o#
..###.#....#
......o...#
#.##..##.o#
#..@oo.# #
#.####.###.#
#. #.....# .
####### ##


You could see 4 orcs.

Vanquished Creatures
  A gnoll (D:1)
  2 adders (D:2)
  2 orcs (D:3)
  7 bats
  9 endoplasms
  3 goblins
  6 hobgoblins
  10 jackals
  3 quokkas
  5 ball pythons
  3 frilled lizards
  4 kobolds
  7 rats
62 creatures vanquished.

Notes
Turn   | Place    | Note
-------+----------+-------------------------------------------
     0 | D:1      | vineage the Gargoyle Fighter began the quest for the Orb.
     0 | D:1      | Reached XP level 1. HP: 14/14 MP: 1/1
    60 | D:1      | Reached XP level 2. HP: 14/20 MP: 2/2
   157 | D:1      | Reached XP level 3. HP: 24/24 MP: 3/3
   490 | D:1      | Reached skill level 4 in Fighting
  1098 | D:2      | Reached XP level 4. HP: 28/29 MP: 4/4
  1283 | D:2      | Found Noomeac's Weapon Boutique.
  1466 | D:2      | Found a faded altar of an unknown god.
  1989 | D:3      | Found a runed translucent door.
  2007 | D:3      | Slain by an orc

Illustrated notes

Levels and vault maps discovered:
D:1:      elethiomel_arrival_infinity_welcomes_careful_drivers, layout_basic
D:2:      layout_basic, hellmonk_ecumenical_altar_crossroads, serial_shops,
          shop, serial_bayou_crossing
D:3:      layout_basic, nicolae_qazlal_style_of_elements, ebering_ghost_sewer_d,
          st_stairs_4, grunt_decor_mini_mirrors

Skill      XL: |  1  2  3 |
---------------+----------+-----
Fighting       | 4 |  4.4
Maces & Flails | |  2.7
Armour         | |  3.8
Shields        | |  3.9

Action                     |  1- 3 |  4- 6 || total
---------------------------+-------+-------++-------
  Melee: Flail             |   146 |    75 ||   221
    Use: Scroll            |       |     4 ||     4
         Potion            |       |     1 ||     1
 Armour: Scale mail        |    76 |       ||    76
         Chain mail        |    20 |    52 ||    72
  Dodge: Dodged            |    66 |    27 ||    93
  Block: Buckler           |    38 |    16 ||    54

Table legend: (Time is in decaauts)
 A = Elapsed time spent in this place.
 B = Non-inter-level travel time spent in this place.
 C = Inter-level travel time spent in this place.
 D = Time resting spent in this place.
 E = Time spent auto-exploring this place.
 F = Levels seen in this place.
 G = Mean time per level.
                   A        B        C        D        E       F      G
               +--------+--------+--------+--------+--------+-----+--------+
         Total |   2085 |   2024 |     61 |      0 |   1565 |   3 |  695.0 |
       Dungeon |   2085 |   2024 |     61 |      0 |   1565 |   3 |  695.0 |
               +--------+--------+--------+--------+--------+-----+--------+

Top non-repeatable levels by time:
     D:2: 1049 daAuts
     D:1: 997 daAuts
     D:3: 37 daAuts
